TOP OF THE 1ST |
Saskatoon Smokin' Guns batting - Pitching for Surrey Sinners : RHP Robinson Flores
|
Pitching: RHP Robinson Flores
|
|
Batting: RHB Pedro Cabrera
|
0-0: Swinging Strike 0-1: Foul Ball, location: 2F 0-2: Ball 1-2: Ball 2-2: Strikes out swinging
|
Batting: RHB Brendon Little
|
0-0: Ball 1-0: Ball 2-0: Ball 3-0: Called Strike 3-1: Swinging Strike 3-2: Strikes out swinging
|
Batting: RHB César Rodríguez
|
0-0: Called Strike 0-1: Foul Ball, location: 2F 0-2: Strikes out swinging, 2-3 out at first.
|
Top of the 1st over - 0 run(s), 0 hit(s), 0 error(s), 0 left on base; Saskatoon 0 - Surrey 0 |
BOTTOM OF THE 1ST |
Surrey Sinners batting - Pitching for Saskatoon Smokin' Guns : RHP Arthur Kemp
|
Pitching: RHP Arthur Kemp
|
|
Batting: RHB Marcos Liñares
|
0-0: Fly out, F8 (Flyball, 8RS)
|
Batting: LHB Jorge Martínez
|
0-0: Fly out, F9 (Flyball, 9)
|
Batting: LHB Randy Wiggins
|
0-0: SINGLE (Groundball, 34D)
|
Batting: LHB Juan Hinojosa
|
0-0: Called Strike 0-1: Called Strike 0-2: Ball 1-2: Strikes out looking
|
Bottom of the 1st over - 0 run(s), 1 hit(s), 0 error(s), 1 left on base; Saskatoon 0 - Surrey 0 |
TOP OF THE 2ND |
Saskatoon Smokin' Guns batting - Pitching for Surrey Sinners : RHP Robinson Flores
|
Batting: LHB Bo Rush
|
0-0: Swinging Strike 0-1: Ball 1-1: Called Strike 1-2: Foul Ball, location: 2F 1-2: Strikes out swinging
|
Batting: RHB Travis Colbert
|
0-0: Called Strike 0-1: Called Strike 0-2: Strikes out swinging
|
Batting: LHB Rubén Salazar
|
0-0: Swinging Strike 0-1: Ball 1-1: Ball 2-1: Ball 3-1: Called Strike 3-2: Foul Ball, location: 2F 3-2: Strikes out looking
|
Top of the 2nd over - 0 run(s), 0 hit(s), 0 error(s), 0 left on base; Saskatoon 0 - Surrey 0 |
BOTTOM OF THE 2ND |
Surrey Sinners batting - Pitching for Saskatoon Smokin' Guns : RHP Arthur Kemp
|
Batting: LHB Iván Espinosa
|
0-0: Ball 1-0: Ball 2-0: Ball 3-0: Base on Balls
|
Batting: RHB Eugene Booth
|
0-0: Ball 1-0: SINGLE (Groundball, 56D) Iván Espinosa to second
|
Batting: RHB Jason Nava
|
0-0: Foul Ball, location: 2F 0-1: Foul Ball, location: 2F 0-2: Foul Ball, location: 2F 0-2: Ball 1-2: Strikes out swinging
|
Batting: SHB Juan Carlos Mesa
|
0-0: Hit by Pitch Iván Espinosa to third Eugene Booth to second
|
Batting: RHB Mauro Paredes
|
0-0: Called Strike 0-1: Ball 1-1: Ball 2-1: Foul Ball, location: 2F 2-2: Foul Ball, location: 2F 2-2: SINGLE (Line Drive, 9S) Iván Espinosa scores Eugene Booth to third Juan Carlos Mesa to second Runner from 3rd tries for Home, SAFE, no throw
|
Batting: RHB Marcos Liñares
|
0-0: Ball 1-0: Foul Ball, location: 2F 1-1: Ball 2-1: Called Strike 2-2: Foul Ball, location: 2F 2-2: Ball 3-2: Base on Balls Juan Carlos Mesa to third Mauro Paredes to second
|
Batting: LHB Jorge Martínez
|
0-0: Foul Ball, location: 2F 0-1: Ball 1-1: Called Strike 1-2: SINGLE (Groundball, 4MD) Juan Carlos Mesa scores Mauro Paredes to third Marcos Liñares to second Runner from 3rd tries for Home, SAFE, throw made home
|
Batting: LHB Randy Wiggins
|
0-0: SINGLE (Line Drive, 9S) Marcos Liñares to third Jorge Martínez to second Runner from 3rd tries for Home, SAFE, no throw
|
Batting: LHB Juan Hinojosa
|
0-0: Ball 1-0: Foul Ball, location: 2F 1-1: Fly out, F7 (Flyball, 78M)
|
Batting: LHB Iván Espinosa
|
0-0: Ball Jorge Martínez steals 3rd base Randy Wiggins to second 1-0: SINGLE (Flyball, 8RS) Jorge Martínez scores Randy Wiggins to third Runner from 3rd tries for Home, SAFE, no throw
|
Pitching: RHP Miguel Reyes
|
|
Batting: RHB Eugene Booth
|
0-0: Called Strike 0-1: Called Strike 0-2: Ball 1-2: Foul Ball, location: 2F 1-2: Fly out, F2 (Popup, 23)
|
Bottom of the 2nd over - 7 run(s), 5 hit(s), 0 error(s), 1 left on base; Saskatoon 0 - Surrey 7 |
TOP OF THE 3RD |
Saskatoon Smokin' Guns batting - Pitching for Surrey Sinners : RHP Robinson Flores
|
Batting: LHB Edgar López
|
0-0: Ball 1-0: Ball 2-0: Ball 3-0: Called Strike 3-1: Foul Ball, location: 2F 3-2: Foul Ball, location: 2F 3-2: Fly out, F9 (Line Drive, 9LM)
|
Batting: RHB Johnny Hawson
|
0-0: Called Strike 0-1: Called Strike 0-2: Strikes out swinging
|
Batting: RHB Artie Turner
|
0-0: SINGLE (Groundball, 6MD)
|
Batting: RHB Pedro Cabrera
|
0-0: Ball 1-0: Ball 2-0: Called Strike 2-1: Ball 3-1: Base on Balls Artie Turner to second
|
Batting: RHB Brendon Little
|
0-0: Ball 1-0: Foul Ball, location: 2F 1-1: Swinging Strike 1-2: Ball 2-2: Strikes out swinging
|
Top of the 3rd over - 0 run(s), 1 hit(s), 0 error(s), 2 left on base; Saskatoon 0 - Surrey 7 |
BOTTOM OF THE 3RD |
Surrey Sinners batting - Pitching for Saskatoon Smokin' Guns : RHP Miguel Reyes
|
Batting: RHB Jason Nava
|
0-0: Called Strike 0-1: SOLO HOME RUN (Flyball, 78XD), Distance : 392 ft
|
Batting: SHB Juan Carlos Mesa
|
0-0: Ball 1-0: SOLO HOME RUN (Flyball, 9D), Distance : 381 ft
|
Batting: RHB Mauro Paredes
|
0-0: Called Strike 0-1: Fly out, F4 (Popup, 3D)
|
Batting: RHB Marcos Liñares
|
0-0: Called Strike 0-1: Swinging Strike 0-2: Ball 1-2: Strikes out swinging
|
Batting: LHB Jorge Martínez
|
0-0: Called Strike 0-1: SINGLE (Line Drive, 89S)
|
Batting: LHB Randy Wiggins
|
0-0: SINGLE (Line Drive, 5) Jorge Martínez to second
|
Batting: LHB Juan Hinojosa
|
0-0: Ball 1-0: Ball 2-0: Ball 3-0: Called Strike 3-1: Base on Balls Jorge Martínez to third Randy Wiggins to second
|
Batting: LHB Iván Espinosa
|
0-0: Called Strike 0-1: Ball 1-1: DOUBLE (Groundball, 3L) Jorge Martínez scores Randy Wiggins scores Juan Hinojosa to third Runner from 3rd tries for Home, SAFE, no throw
|
Pitching: RHP Pat Ferson
|
|
Batting: RHB Eugene Booth
|
0-0: Called Strike 0-1: Ball 1-1: Foul Ball, location: 2F 1-2: Ground out 6-3 (Groundball, 6)
|
Bottom of the 3rd over - 5 run(s), 5 hit(s), 0 error(s), 1 left on base; Saskatoon 0 - Surrey 12 |
TOP OF THE 4TH |
Saskatoon Smokin' Guns batting - Pitching for Surrey Sinners : RHP Robinson Flores
|
Batting: RHB César Rodríguez
|
0-0: Ball 1-0: Fly out, F9 (Flyball, 9S)
|
Batting: LHB Bo Rush
|
0-0: Foul Ball, location: 2F 0-1: Ball 1-1: Foul Ball, location: 2F 1-2: Ball 2-2: Strikes out looking
|
Batting: RHB Travis Colbert
|
0-0: Swinging Strike 0-1: Reached on error, E5 (Groundball, 5L)
|
Batting: LHB Rubén Salazar
|
0-0: Swinging Strike 0-1: Swinging Strike 0-2: Ball 1-2: Ball Wild Pitch! Travis Colbert to third 2-2: Ball 3-2: Base on Balls
|
Batting: LHB Edgar López
|
0-0: Called Strike 0-1: Ball 1-1: Fly out, F4 (Popup, 4)
|
Top of the 4th over - 0 run(s), 0 hit(s), 1 error(s), 2 left on base; Saskatoon 0 - Surrey 12 |
BOTTOM OF THE 4TH |
Surrey Sinners batting - Pitching for Saskatoon Smokin' Guns : RHP Pat Ferson
|
Batting: RHB Jason Nava
|
0-0: Called Strike 0-1: Ball 1-1: Called Strike 1-2: Foul Ball, location: 2F 1-2: Foul Ball, location: 2F 1-2: SINGLE (Groundball, 25) (infield hit)
|
Batting: SHB Juan Carlos Mesa
|
0-0: Ball 1-0: Ball 2-0: Hit by Pitch Jason Nava to second
|
Batting: RHB Mauro Paredes
|
0-0: Called Strike 0-1: Ball 1-1: Ball 2-1: Ball 3-1: Base on Balls Jason Nava to third Juan Carlos Mesa to second
|
Batting: RHB Marcos Liñares
|
0-0: Foul Ball, location: 2F 0-1: Ball 1-1: Called Strike 1-2: Foul Ball, location: 2F 1-2: Fly out, F8 (Flyball, 8RM) Runner from 3rd tags up, SCORES, no throw
|
Batting: LHB Jorge Martínez
|
0-0: Ball 1-0: Ball 2-0: Called Strike 2-1: Fielders Choice at 2nd, 3-6 (Groundball, 3) Juan Carlos Mesa to third
|
Batting: LHB Randy Wiggins
|
0-0: Ball 1-0: Ball 2-0: Ball 3-0: Base on Balls Jorge Martínez to second
|
Batting: LHB Juan Hinojosa
|
0-0: Foul Ball, location: 2F 0-1: Ball 1-1: Foul Ball, location: 2F 1-2: Ball 2-2: DOUBLE (Line Drive, 78D) Juan Carlos Mesa scores Jorge Martínez scores Randy Wiggins to third Runner from 3rd tries for Home, SAFE, no throw
|
Pitching: RHP Luis Mejía
|
|
Batting: LHB Iván Espinosa
|
0-0: Fly out, F7 (Line Drive, 7S)
|
Bottom of the 4th over - 4 run(s), 2 hit(s), 0 error(s), 1 left on base; Saskatoon 0 - Surrey 16 |
TOP OF THE 5TH |
Saskatoon Smokin' Guns batting - Pitching for Surrey Sinners : RHP Robinson Flores
|
Batting: RHB Johnny Hawson
|
0-0: Ball 1-0: Ball 2-0: Ball 3-0: Base on Balls
|
Batting: RHB Artie Turner
|
0-0: Called Strike 0-1: Ball 1-1: Ball 2-1: SINGLE (Flyball, 7S) Johnny Hawson to second
|
Batting: RHB Pedro Cabrera
|
0-0: Ball 1-0: SINGLE (Flyball, 9LM) Johnny Hawson to third Artie Turner to second Runner from 3rd tries for Home, SAFE, no throw
|
Batting: RHB Brendon Little
|
0-0: Called Strike 0-1: Ball 1-1: Ball 2-1: Foul Ball, location: 2F 2-2: Foul Ball, location: 2F 2-2: Strikes out swinging
|
Batting: RHB César Rodríguez
|
0-0: SINGLE (Line Drive, 78S) Artie Turner to third Pedro Cabrera to second
|
Pitching: RHP Doug Spencer
|
|
Batting: LHB Bo Rush
|
0-0: Swinging Strike 0-1: Ball 1-1: Ball 2-1: Foul Ball, location: 2F 2-2: Ball 3-2: Strikes out swinging
|
Batting: RHB Travis Colbert
|
0-0: Ball 1-0: Ball 2-0: Foul Ball, location: 2F 2-1: Ground out 6-3 (Groundball, 6MD)
|
Top of the 5th over - 1 run(s), 3 hit(s), 0 error(s), 3 left on base; Saskatoon 1 - Surrey 16 |
BOTTOM OF THE 5TH |
Surrey Sinners batting - Pitching for Saskatoon Smokin' Guns : RHP Luis Mejía
|
Batting: RHB Eugene Booth
|
0-0: Called Strike 0-1: Foul Ball, location: 2F 0-2: Strikes out looking
|
Batting: RHB Jason Nava
|
0-0: Called Strike 0-1: Fly out, F8 (Flyball, 8RM)
|
Batting: SHB Juan Carlos Mesa
|
0-0: Ball 1-0: Swinging Strike 1-1: Ball 2-1: Called Strike 2-2: Ground out U3 (Groundball, 3)
|
Bottom of the 5th over - 0 run(s), 0 hit(s), 0 error(s), 0 left on base; Saskatoon 1 - Surrey 16 |
TOP OF THE 6TH |
Saskatoon Smokin' Guns batting - Pitching for Surrey Sinners : RHP Doug Spencer
|
Batting: LHB Rubén Salazar
|
0-0: Swinging Strike 0-1: Swinging Strike 0-2: Foul Ball, location: 2F 0-2: Ball 1-2: Foul Ball, location: 2F 1-2: Ground out U3 (Groundball, 3)
|
Pinch Hitting: RHB Julián García
|
0-0: Ball 1-0: Foul Ball, location: 2F 1-1: Foul Ball, location: 2F 1-2: Strikes out swinging
|
Batting: RHB Johnny Hawson
|
0-0: Called Strike 0-1: Ball 1-1: Ground out 5-3 (Groundball, 56)
|
Top of the 6th over - 0 run(s), 0 hit(s), 0 error(s), 0 left on base; Saskatoon 1 - Surrey 16 |
BOTTOM OF THE 6TH |
Surrey Sinners batting - Pitching for Saskatoon Smokin' Guns : RHP Luis Mejía
|
Now at 2B: Julián García
|
|
Batting: RHB Mauro Paredes
|
0-0: Ball 1-0: Ball 2-0: Ball 3-0: Called Strike 3-1: Base on Balls
|
Batting: RHB Marcos Liñares
|
0-0: Ball 1-0: Called Strike 1-1: Called Strike 1-2: Strikes out swinging
|
Batting: LHB Jorge Martínez
|
0-0: Ball 1-0: Ball 2-0: Called Strike 2-1: Ball 3-1: Called Strike 3-2: Foul Ball, location: 2F 3-2: Foul Ball, location: 2F 3-2: Foul Ball, location: 2F 3-2: Base on Balls Mauro Paredes to second
|
Batting: LHB Randy Wiggins
|
0-0: Ball 1-0: Ball 2-0: Ball 3-0: Called Strike 3-1: Foul Ball, location: 2F 3-2: Strikes out swinging
|
Batting: LHB Juan Hinojosa
|
0-0: Ball 1-0: Ball 2-0: Foul Ball, location: 2F 2-1: Ball 3-1: Foul Ball, location: 2F 3-2: Foul Ball, location: 2F 3-2: Base on Balls Mauro Paredes to third Jorge Martínez to second
|
Batting: LHB Iván Espinosa
|
0-0: Ball 1-0: Ball 2-0: Ball 3-0: Called Strike 3-1: Called Strike 3-2: Base on Balls Mauro Paredes scores Jorge Martínez to third Juan Hinojosa to second
|
Batting: RHB Eugene Booth
|
0-0: Swinging Strike 0-1: Ball 1-1: Swinging Strike 1-2: Ball 2-2: SINGLE (Groundball, 4) (infield hit) Jorge Martínez scores Juan Hinojosa to third Iván Espinosa to second
|
Batting: RHB Jason Nava
|
0-0: Ball 1-0: Ball 2-0: Foul Ball, location: 2F 2-1: Ground out 3-1 (Groundball, 34S)
|
Bottom of the 6th over - 2 run(s), 1 hit(s), 0 error(s), 3 left on base; Saskatoon 1 - Surrey 18 |
TOP OF THE 7TH |
Saskatoon Smokin' Guns batting - Pitching for Surrey Sinners : RHP Doug Spencer
|
Batting: RHB Artie Turner
|
0-0: Ball 1-0: Called Strike 1-1: Foul Ball, location: 2F 1-2: Ball 2-2: Strikes out looking
|
Batting: RHB Pedro Cabrera
|
0-0: Ball 1-0: Fly out, F9 (Line Drive, 9S)
|
Pinch Hitting: RHB Joaquín Luna
|
0-0: Ball 1-0: Foul Ball, location: 2F 1-1: Ball 2-1: Ground out 3-1 (Groundball, 34S)
|
Top of the 7th over - 0 run(s), 0 hit(s), 0 error(s), 0 left on base; Saskatoon 1 - Surrey 18 |
BOTTOM OF THE 7TH |
Surrey Sinners batting - Pitching for Saskatoon Smokin' Guns : RHP Luis Mejía
|
Now in CF: Henry Jackson
|
|
Batting: SHB Juan Carlos Mesa
|
0-0: Swinging Strike 0-1: Foul Ball, location: 2F 0-2: Ball 1-2: Ball 2-2: Strikes out swinging
|
Batting: RHB Mauro Paredes
|
0-0: Foul Ball, location: 2F 0-1: Called Strike 0-2: Ball 1-2: Strikes out swinging
|
Batting: RHB Marcos Liñares
|
0-0: Called Strike 0-1: Foul Ball, location: 2F 0-2: Foul Ball, location: 2F 0-2: Ground out U3 (Groundball, 34S)
|
Bottom of the 7th over - 0 run(s), 0 hit(s), 0 error(s), 0 left on base; Saskatoon 1 - Surrey 18 |
TOP OF THE 8TH |
Saskatoon Smokin' Guns batting - Pitching for Surrey Sinners : RHP Doug Spencer
|
Batting: RHB César Rodríguez
|
0-0: Ball 1-0: Ground out 6-3 (Groundball, 6)
|
Batting: LHB Bo Rush
|
0-0: Ball 1-0: Ball 2-0: Ball 3-0: Base on Balls
|
Pinch Hitting: LHB Alejandro Rojas
|
0-0: Ball 1-0: Grounds into double play, 4-6-3 (Groundball, 4)
|
Top of the 8th over - 0 run(s), 0 hit(s), 0 error(s), 0 left on base; Saskatoon 1 - Surrey 18 |
BOTTOM OF THE 8TH |
Surrey Sinners batting - Pitching for Saskatoon Smokin' Guns : RHP Luis Mejía
|
Now at 2B: Joe Lewis
|
|
Batting: LHB Jorge Martínez
|
0-0: Ball 1-0: Ball 2-0: Fly out, F8 (Line Drive, 89M)
|
Batting: LHB Randy Wiggins
|
0-0: Ball 1-0: Foul Ball, location: 2F 1-1: Called Strike 1-2: Strikes out swinging
|
Batting: LHB Juan Hinojosa
|
0-0: Called Strike 0-1: Called Strike 0-2: Foul Ball, location: 2F 0-2: Ground out 4-3 (Groundball, 34)
|
Bottom of the 8th over - 0 run(s), 0 hit(s), 0 error(s), 0 left on base; Saskatoon 1 - Surrey 18 |
TOP OF THE 9TH |
Saskatoon Smokin' Guns batting - Pitching for Surrey Sinners : RHP Doug Spencer
|
Now at 1B: Norberto Muñóz
|
|
Batting: LHB Rubén Salazar
|
0-0: Ball 1-0: Called Strike 1-1: Ball 2-1: Ball 3-1: Called Strike 3-2: Strikes out swinging
|
Batting: RHB Julián García
|
0-0: Called Strike 0-1: Foul Ball, location: 2F 0-2: Foul Ball, location: 2F 0-2: Ball 1-2: Ball 2-2: Ball 3-2: Strikes out swinging
|
Batting: RHB Johnny Hawson
|
0-0: Called Strike 0-1: Ball 1-1: Ground out 1-3 (Groundball, P)
|
Top of the 9th over - 0 run(s), 0 hit(s), 0 error(s), 0 left on base; Saskatoon 1 - Surrey 18 |
|